Map: Abyssal Reef LE

Players

Scarlett - Winner!

  • Race: Zerg Zerg
  • Spawn Location: 11:00

puCK (Nina)

  • Race: Protoss Protoss
  • Spawn Location: 5:00

Event: WCS Montreal 2017

VOD

Have the link to the VOD?

Description

Time

  • Played on: Sept. 8, 2017, 6:10 p.m.
  • Length: 17:17

All games in this series

Show
View Real Time Build Order
Export as new Build Order

Scarlett Zerg - Winner!

Build Orders: Hatch First 

Get SALT Encoding   

  12  0:00  Drone  
  13  0:08  Drone  
  14  0:17  Extractor, Drone  
  15  0:22  Overlord  
  15  0:45  Hatchery  
  15  0:49  Drone  
  15  0:53  Drone  
  15  0:56  Drone  
  17  1:01  Drone  
  18  1:11  Extractor  
  18  1:16  Spawning Pool  
  16  1:20  Drone  
  16  1:24  Drone  
  18  1:33  Drone  
  19  1:43  Drone  
  20  1:53  Overlord  
  20  1:58  Drone  
  21  2:05  Queen  
  21  2:06  Queen  
  21  2:08  Drone x2  
  27  2:16  Drone  
  27  2:18  Metabolic Boost, Zergling x2  
  29  2:27  Overlord  
  29  2:31  Drone  
  30  2:37  Drone  
  30  2:40  Zergling x2  
  32  2:51  Drone  
  32  2:52  Drone  
  32  2:53  Queen  
  36  2:59  Drone  
  36  3:02  Drone  
  36  3:05  Hatchery  
  37  3:09  Drone  
  38  3:13  Drone  
  38  3:15  Drone x2  
  38  3:18  Overlord  
  41  3:26  Overlord  
  41  3:28  Lair  
  41  3:29  Drone  
  41  3:33  Zergling x2  
  42  3:35  Zergling x2  
  42  3:39  Spore Crawler  
  42  3:51  Queen, Zergling x4  
  42  3:53  Drone  
  42  3:54  Drone  
  48  3:57  Evolution Chamber  
  48  3:58  Spore Crawler  
  48  4:00  Drone x3  
  48  4:01  Drone  
  48  4:02  Drone  
  51  4:08  Extractor, Drone  
  51  4:13  Drone  
  52  4:17  Baneling Nest  
  52  4:18  Zergling x2  
  52  4:19  Zergling x2  
  52  4:23  Drone  
  53  4:36  Drone x6  
  53  4:37  Hydralisk Den  
  53  4:38  Drone x2  
  59  4:41  Overlord  
  59  4:47  Zerg Missile Weapons Level 1  
  59  4:50  Overlord  
  59  4:51  Spore Crawler  
  58  4:56  Overlord  
  58  4:57  Overlord  
  58  5:03  Overlord, Drone x4  
  62  5:09  Drone  
  63  5:17  Drone x3  
  63  5:18  Drone x2  
  63  5:19  Muscular Augments  
  63  5:20  Drone  
  69  5:23  Drone  
  69  5:27  Drone x2  
  72  5:28  Baneling x3  
  72  5:29  Drone x2  
  72  5:32  Drone  
  72  5:33  Extractor, Drone  
  72  5:35  Extractor, Drone  
  75  5:38  Queen  
  77  5:46  Overlord  
  77  5:47  Hydralisk x2  
  77  5:49  Drone x2  
  83  5:52  Extractor x2  
  83  5:55  Overlord  
  80  6:01  Hydralisk  
  80  6:03  Hatchery, Hydralisk  
  83  6:07  Drone  
  83  6:08  Drone x3  
  87  6:12  Hydralisk x2  
  87  6:16  Drone x3  
  94  6:19  Drone  
  94  6:20  Drone x2  
  97  6:28  Hydralisk  
  97  6:29  Hydralisk x2  
  103  6:36  Overlord  
  103  6:37  Overlord x2  
  103  6:49  Drone  
  103  6:50  Drone x7  
  103  6:53  Spore Crawler  
  110  6:57  Spore Crawler  
  110  7:06  Hydralisk x7  
  124  7:08  Zerg Melee Weapons Level 1  
  124  7:10  Centrifical Hooks  
  124  7:15  Overseer x2  
  124  7:17  Pneumatized Carapace  
  124  7:24  Drone  
  124  7:27  Baneling x8  
  124  7:28  Baneling  
  125  7:32  Hydralisk  
  125  7:33  Hatchery, Zergling x12  
  125  7:36  Hydralisk  
  134  7:38  Hydralisk  
  134  7:42  Hydralisk x2  
  134  7:43  Zergling x4  
  142  7:46  Overlord  
  142  7:47  Overlord  
  139  7:58  Queen  
  139  8:05  Drone x6  
  135  8:06  Drone  
  135  8:09  Hydralisk  
  135  8:10  Hydralisk x3  
  135  8:11  Zergling x12  
  148  8:18  Queen  
  142  8:26  Drone x4  
  144  8:27  Drone x4  
  147  8:35  Baneling x12  
  147  8:36  Zergling x4  
  147  8:37  Zergling x4  
  151  8:50  Hydralisk x4  
  159  9:03  Baneling x8  
  159  9:04  Zergling x2  
  159  9:05  Zergling x10  
  165  9:20  Zergling x2  
  165  9:21  Overlord x4  
  166  9:31  Overlord  
  146  9:50  Hydralisk  
  146  9:51  Hydralisk x17  
  159  9:54  Hydralisk  
  159  9:55  Zergling x2  
  135  10:00  Queen, Extractor  
  135  10:02  Extractor  
  135  10:06  Zerg Melee Weapons Level 2, Hydralisk  
  135  10:07  Zergling x2  
  135  10:08  Zergling x20  
  135  10:13  Drone  
  135  10:14  Drone  
  145  10:17  Infestation Pit  
  145  10:18  Drone x3  
  147  10:25  Drone x3  
  150  10:29  Hydralisk x5  
  160  10:36  Baneling x5  
  160  10:37  Baneling x2  
  159  10:43  Baneling x5  
  159  10:44  Baneling  
  159  10:46  Zergling x10  
  159  10:47  Zergling x8  
  168  11:02  Baneling x10  
  168  11:06  Hydralisk  
  168  11:07  Hydralisk x4  
  168  11:09  Zergling x2  
  168  11:10  Zergling x10  
  182  11:25  Hydralisk x4  
  181  11:26  Zergling x4, Hydralisk x2  
  192  11:35  Hydralisk x3  
  198  11:40  Hive  
  198  11:41  Spine Crawler  
  183  12:00  Baneling x6  
  168  12:01  Zergling x18  
  168  12:02  Zergling x16  
  178  12:13  Hydralisk x5  
  146  12:23  Hydralisk x5  
  146  12:24  Zergling x2  
  137  12:40  Hatchery  
  137  12:43  Drone x3  
  139  12:47  Spire  
  138  12:55  Adrenal Glands, Zerg Melee Weapons Level 3  
  138  12:57  Baneling x2  
  120  13:15  Drone x2  
  120  13:17  Extractor  
  120  13:18  Drone x3  
  124  13:21  Extractor x2, Drone x3  
  124  13:22  Drone x6  
  124  13:23  Zergling x2  
  124  13:24  Zergling x22  
  143  13:39  Hydralisk x6  
  155  14:00  Overlord x3, Greater Spire  
  155  14:06  Hydralisk x3  
  155  14:08  Zergling x2  
  155  14:09  Zergling x18  
  171  14:12  Overlord  
  171  14:13  Overlord  
  171  14:15  Overlord  
  170  14:22  Corruptor x2  
  174  14:32  Corruptor x2  
  174  14:33  Corruptor  
  174  14:34  Corruptor  
  182  14:50  Hatchery  
  181  14:58  Baneling  
  181  14:59  Baneling x16  
  181  15:03  Overseer  
  181  15:12  Brood Lord x4  
  181  15:13  Brood Lord  
  191  15:14  Brood Lord  
  191  15:20  Baneling x7  
  191  15:21  Baneling x7  
  193  15:31  Corruptor  
  193  15:32  Corruptor  
  160  15:50  Drone  
  160  15:51  Drone x4  
  160  15:52  Zergling x16  
  160  15:53  Zergling x12  
  177  16:00  Corruptor x2  
  178  16:14  Zergling x18  
  178  16:15  Zergling x4  
  178  16:18  Baneling x6  
  183  16:23  Hydralisk x2  
  187  16:29  Brood Lord  
  188  16:33  Hydralisk x2  
  186  16:50  Hydralisk x6  
Show
View Real Time Build Order
Export as new Build Order

puCK Protoss 

Build Orders: 1 Gate Expand, Oracle Opening, Archon Immortal 

Get SALT Encoding   

  12  0:01  Probe (Chrono Boost)  
  13  0:11  Probe (Chrono Boost)  
  14  0:19  Pylon  
  14  0:22  Probe (Chrono Boost)  
  15  0:37  Probe (Chrono Boost)  
  15  0:41  Gateway  
  16  0:48  Probe (Chrono Boost)  
  17  0:52  Assimilator  
  17  0:59  Probe (Chrono Boost)  
  18  1:09  Probe (Chrono Boost)  
  19  1:25  Nexus  
  19  1:28  Probe (Chrono Boost)  
  20  1:39  Cybernetics Core  
  20  1:40  Probe (Chrono Boost)  
  21  1:48  Assimilator  
  21  1:51  Probe (Chrono Boost)  
  22  1:58  Pylon  
  22  2:01  Probe (Chrono Boost)  
  23  2:16  Probe (Chrono Boost), Adept (Chrono Boost)  
  23  2:17  Warp Gate  
  26  2:28  Probe  
  27  2:38  Stargate  
  27  2:40  Probe x2  
  31  2:44  Adept (Chrono Boost)  
  31  2:46  Pylon  
  30  2:52  Probe x2  
  32  3:04  Probe x2 (Chrono Boost)  
  34  3:07  Gateway  
  34  3:11  Adept  
  36  3:15  Probe (Chrono Boost)  
  36  3:16  Probe (Chrono Boost)  
  38  3:23  Oracle (Chrono Boost)  
  38  3:24  Probe  
  38  3:26  Probe  
  43  3:30  Pylon  
  43  3:34  Probe  
  43  3:36  Pylon  
  43  3:38  Probe  
  45  3:45  Probe  
  46  3:50  Probe  
  47  3:58  Void Ray (Chrono Boost), Mothership Core  
  53  4:03  Probe  
  53  4:06  Pylon  
  54  4:15  Probe  
  54  4:16  Nexus  
  55  4:17  Probe  
  56  4:27  Probe  
  56  4:28  Probe, Pylon  
  58  4:37  Oracle (Chrono Boost)  
  61  4:38  Probe  
  61  4:39  Probe  
  61  4:43  Pylon  
  61  4:45  Assimilator x2  
  63  4:49  Probe  
  63  4:51  Probe, Forge  
  65  4:56  Twilight Council  
  65  4:59  Probe  
  65  5:03  Probe  
  67  5:09  Robotics Facility  
  67  5:10  Probe  
  68  5:15  Probe  
  68  5:20  Probe  
  69  5:23  Protoss Ground Weapons Level 1 (Chrono Boost)  
  69  5:24  Gateway x2  
  69  5:27  Probe x2  
  71  5:29  Assimilator  
  71  5:31  Probe  
  71  5:33  Assimilator  
  73  5:38  Probe  
  73  5:39  Probe  
  73  5:41  Probe  
  75  5:48  Probe  
  76  5:51  Probe  
  76  5:52  Probe  
  76  5:56  Charge  
  78  5:59  Probe  
  78  6:02  Warp Prism, Robotics Facility  
  78  6:03  Probe  
  78  6:04  Probe  
  82  6:09  Probe  
  84  6:13  Probe  
  84  6:15  Gateway  
  84  6:16  Gateway  
  84  6:18  Probe, Gateway  
  86  6:20  Probe  
  87  6:26  Gateway  
  87  6:27  Pylon  
  87  6:28  Probe, Sentry, Pylon  
  87  6:32  Pylon  
  90  6:35  Pylon  
  90  6:41  Immortal (Chrono Boost)  
  90  6:42  Gateway  
  94  6:48  Gateway  
  94  6:49  Immortal (Chrono Boost)  
  94  6:50  Pylon  
  94  6:51  Sentry  
  94  6:52  Sentry  
  102  7:06  Templar Archives  
  98  7:13  Zealot x2  
  102  7:16  Protoss Ground Weapons Level 2  
  102  7:19  Immortal (Chrono Boost)  
  106  7:23  Nexus  
  106  7:26  Pylon x2  
  106  7:27  Immortal (Chrono Boost)  
  110  7:31  Pylon  
  110  7:33  Pylon  
  110  7:45  Zealot x5  
  110  7:46  Zealot x2  
  110  7:48  Zealot  
  126  7:55  Psionic Storm  
  126  7:58  Immortal (Chrono Boost)  
  124  8:06  Zealot  
  124  8:07  Zealot x4  
  124  8:09  High Templar  
  124  8:10  High Templar  
  126  8:25  Immortal (Chrono Boost)  
  126  8:26  High Templar  
  126  8:27  High Templar  
  122  8:32  Assimilator  
  122  8:36  Assimilator  
  122  8:37  Observer (Chrono Boost)  
  122  8:38  Photon Cannon  
  122  8:41  High Templar x2  
  127  8:42  Photon Cannon, High Templar x2  
  127  8:45  Probe  
  127  8:46  Probe x2, Photon Cannon  
  127  8:47  Probe, Archon  
  135  8:51  High Templar  
  135  8:53  Photon Cannon  
  141  9:04  Photon Cannon  
  141  9:09  Immortal (Chrono Boost)  
  145  9:13  Sentry  
  147  9:22  High Templar x2, Immortal (Chrono Boost)  
  151  9:26  Pylon  
  151  9:31  Archon  
  151  9:32  Zealot x6  
  163  9:43  Protoss Ground Weapons Level 3  
  163  9:45  Zealot x2  
  135  9:59  High Templar x3  
  131  10:01  Stalker x4  
  131  10:04  Probe  
  140  10:15  High Templar x2  
  140  10:18  Photon Cannon  
  140  10:20  Photon Cannon  
  144  10:21  Pylon  
  144  10:22  Photon Cannon, Pylon  
  144  10:24  Pylon x2  
  144  10:28  Archon  
  144  10:29  High Templar  
  144  10:30  High Templar  
  144  10:35  Photon Cannon  
  148  10:36  Archon  
  148  10:40  Zealot x4  
  148  10:41  Zealot  
  158  10:44  Nexus  
  158  10:46  Mothership Core  
  158  10:48  High Templar  
  161  11:15  High Templar x2  
  161  11:16  High Templar x2  
  167  11:19  Zealot x3  
  167  11:20  Archon  
  167  11:21  Zealot, Archon  
  167  11:22  Zealot x2  
  179  11:35  Photon Cannon  
  179  11:37  Pylon  
  179  11:45  Zealot x2  
  179  11:46  Zealot x4, Pylon  
  191  11:47  Pylon  
  191  11:51  Zealot x3  
  191  11:53  Zealot  
  173  12:08  Zealot  
  154  12:21  Zealot x4  
  145  12:24  Archon  
  145  12:27  Zealot  
  145  12:28  Zealot x5  
  133  12:32  Probe  
  133  12:34  Probe x3, Immortal x2 (Chrono Boost)  
  101  12:37  High Templar x4  
  109  12:44  Pylon  
  109  12:45  Archon x2  
  109  12:47  Pylon  
  109  12:48  Pylon  
  109  12:49  High Templar x3, Photon Cannon  
  109  12:50  High Templar  
  109  12:51  Zealot x2  
  121  12:52  Photon Cannon  
  121  12:53  Archon  
  121  12:54  Archon  
  121  12:57  Photon Cannon  
  121  12:59  Photon Cannon  
  121  13:03  Assimilator  
  121  13:08  Immortal x2 (Chrono Boost)  
  128  13:15  Zealot x3  
  128  13:17  High Templar x3  
  128  13:18  Protoss Shields Level 1  
  140  13:23  Probe x2  
  140  13:25  Assimilator  
  142  13:31  High Templar x2  
  146  13:35  Archon  
  146  13:42  Immortal x2 (Chrono Boost)  
  146  13:47  High Templar  
  156  13:52  Photon Cannon  
  156  13:54  Photon Cannon  
  156  13:58  Photon Cannon  
  156  13:59  High Templar  
  156  14:00  Pylon  
  158  14:09  Photon Cannon  
  158  14:10  Photon Cannon  
  158  14:12  Photon Cannon  
  158  14:15  High Templar x2  
  158  14:16  Observer (Chrono Boost), Immortal (Chrono Boost)  
  167  14:20  Archon  
  167  14:21  High Templar  
  167  14:22  High Templar  
  171  14:24  Pylon  
  171  14:26  Archon  
  171  14:28  Zealot x5  
  181  14:35  Warp Prism (Chrono Boost)  
  183  14:46  Fleet Beacon  
  183  14:47  High Templar  
  183  14:48  High Templar  
  183  14:50  High Templar  
  183  14:52  Archon  
  189  14:54  High Templar  
  193  15:00  Warp Prism (Chrono Boost)  
  193  15:27  High Templar x2  
  197  15:31  Archon  
  197  15:33  Observer (Chrono Boost)  
  130  15:57  Stalker x6  
  116  15:58  Stalker x2  
  119  16:20  Zealot x5  
  119  16:21  Zealot x5  
  129  16:36  Gateway  
  129  16:37  Gateway  
  125  16:42  Stalker x4  
  125  16:43  Stalker x6  
  102  17:07  Zealot x2  
  102  17:08  Zealot x7  
  106  17:09  Zealot  
Tags
 
Add a new tag
Caveats
  • Supply blocks, unpowered buildings, or Contaminate may cause inaccurate times.
  • Supply counts are checked every 10 seconds.